 Dungeon Crawl Stone Soup version 0.18.1-50-g88ac8fd (webtiles) character file.

42 RudyRod the Skirmisher (level 3, -1/34 HPs)
             Began as a Naga Fighter on Oct 12, 2016.
             Slain by a kobold
             ... wielding a +0 mace
              (2 damage)
             ... on level 2 of the Dungeon.
             The game lasted 00:06:00 (1484 turns).

RudyRod the Skirmisher (Naga Fighter)               Turns: 1484, Time: 00:06:01

Health: -1/34      AC:  2    Str: 18    XL:     3   Next: 56%
Magic:  3/3        EV:  7    Int:  8    God:
Gold:   67         SH:  8    Dex: 11    Spells: 0 memorised, 2 levels left

rFire  . . .     SeeInvis +     a - +0 flail
rCold  . . .     Gourm    .     l - +0 leather armour
rNeg   . . .     Faith    .     c - +0 shield
rPois  +         Spirit   .     (no helmet)
rElec  .         Dismiss  .     (no cloak)
rCorr  .         Reflect  .     (no gloves)
SustAt .         Harm     .     (no barding)
MR     .....                    (no amulet)
Stlth  ++........               (no ring)
                                (no ring)

@: very slow, not resistant to hostile enchantments, unstealthy
A: see invisible, deformed body, poison resistance, slowness 2, slow metabolism
1, spit poison 2, AC +1
a: Spit Poison


You were on level 2 of the Dungeon.
You were not hungry.

You visited 1 branch of the dungeon, and saw 2 of its levels.

You collected 67 gold pieces.

Inventory:

Hand Weapons
 a - a +0 flail (weapon)
Armour
 b - a +0 scale mail
 c - a +0 shield (worn)
 l - a +0 leather armour (worn)
Scrolls
 e - a scroll of blinking {unknown}
 h - 3 scrolls of remove curse {unknown}
 i - 2 scrolls of recharging {unknown}
 j - a scroll of teleportation {unknown}
 k - a scroll of immolation {unknown}
 m - a scroll of identify {unknown}
 n - a scroll of amnesia {unknown}
Potions
 d - a potion of might
 g - 2 potions of curing {unknown}
 o - a potion of lignification {unknown}
Comestibles
 f - 2 bread rations
 p - a chunk of flesh


   Skills:
 * Level 3.3 Fighting
 + Level 2.0 Maces & Flails
 + Level 2.6 Armour
 * Level 0.8 Dodging
 * Level 1.6 Stealth
 * Level 2.8 Shields


You had 2 spell levels left.
You didn't know any spells.

Dungeon Overview and Level Annotations

Branches:
Dungeon (2/15)

Altars:


Innate Abilities, Weirdness & Mutations

You cannot wear boots.
Your serpentine skin is tough (AC +1).
You have supernaturally acute eyesight.
Armour fits poorly on your strangely shaped body.
Your system is resistant to poisons.
You cover ground very slowly.
You have a slow metabolism.
You can spit poison.


Message History

You completely miss the kobold. You block the kobold's attack.
You barely miss the kobold. The kobold hits you with a whip.
You barely miss the kobold. The kobold hits you but does no damage.
The kobold hits you with a whip.
You hit the kobold but do no damage. The kobold hits you but does no damage.
You barely miss the kobold. The kobold completely misses you.
The kobold throws a stone.
The stone barely misses you.
The stone closely misses the kobold.
The kobold hits you but does no damage.
You closely miss the kobold. The kobold barely misses you.
You hit the kobold but do no damage. The kobold hits you with a whip.
The kobold hits you with a mace.
You miss the kobold. The kobold hits you with a whip.
* * * LOW HITPOINT WARNING * * *
The kobold hits you with a mace.
* * * LOW HITPOINT WARNING * * *
The kobold hits you with a whip.
* * * LOW HITPOINT WARNING * * *
You closely miss the kobold. You block the kobold's attack.
The kobold hits you with a mace.
You die...

#.# .# ####.#
. #.# (# #.##
.# #.# ..
#..## ##.# #.#
##..# ##...#
... ##.###..#
... #...รท.#
... ####).##
####.....#
#(K@K###..^...
#...####
......
..%K(.##
....... #.....
......! #.....
.......
..K..K.
.......
..#....
.##....


You could see 4 kobolds.

Vanquished Creatures
  An adder (D:2)
  A dart slug (D:1)
  2 giant geckos (D:1)
  3 giant cockroaches (D:1)
  A hobgoblin (D:1)
  2 bats (D:1)
  9 giant newts (D:1)
  5 goblins (D:1)
  5 kobolds
  5 rats
34 creatures vanquished.

Notes
Turn   | Place    | Note
--------------------------------------------------------------
     0 | D:1      | RudyRod the Naga Fighter began the quest for the Orb.
     0 | D:1      | Reached XP level 1. HP: 21/21 MP: 1/1
   214 | D:1      | Reached XP level 2. HP: 28/28 MP: 2/2
   317 | D:1      | Reached skill level 1 in Stealth
   648 | D:1      | HP: 1/28 [giant newt (2)]
   678 | D:1      | HP: 1/28 [bat (1)]
   813 | D:1      | Reached XP level 3. HP: 17/34 MP: 3/3
  1483 | D:2      | HP: 1/34 [kobold/whip (4)]
  1484 | D:2      | Slain by a kobold

Skill      XL: |  1  2 |
---------------+-------+-----
Stealth        | 1 |  1.6
Fighting       | |  3.3
Maces & Flails | |  2.0
Armour         | |  2.6
Dodging        | |  0.8
Shields        | |  2.8

Action                   || total
-------------------------++-------
Melee: Flail             ||   117
  Use: Potion            ||     1
 Stab: Invisible         ||     1
  Eat: Chunk             ||     1
Armor: Scale mail        ||     2
       Leather armour    ||    43
Dodge: Dodged            ||    37
Block: Shield            ||    79
